MID
LEXINGTON LEGENDS @ LANSING LUGNUTS
07/25/2044
 
TOP OF THE 1ST
Lexington Legends batting - Pitching for Lansing Lugnuts : RHP Edward Saunders
Pitching: RHP Edward Saunders
Batting: RHB Matt Belgard 0-0: Foul Ball, location: 2F
0-1: Swinging Strike
0-2: Strikes out swinging
Batting: RHB Yi-lin Niu 0-0: Ball
1-0: Ball
2-0: Called Strike
2-1: Swinging Strike
2-2: Ground out 6-3 (Groundball, 6, EV 88.1 MPH)
Batting: RHB Kevin Roseen 0-0: Swinging Strike
0-1: Swinging Strike
0-2: Strikes out swinging
Top of the 1st over - 0 runs, 0 hits, 0 errors, 0 left on base; Lexington 0 - Lansing 0
BOTTOM OF THE 1ST
Lansing Lugnuts batting - Pitching for Lexington Legends : RHP Gabe Torres
Pitching: RHP Gabe Torres
Batting: RHB Elliot Manfredini 0-0: Swinging Strike
0-1: Ball
1-1: Called Strike
1-2: Foul Ball, location: 2F
1-2: Foul Ball, location: 2F
1-2: Strikes out swinging
Batting: RHB Finn Ross 0-0: Called Strike
0-1: Ball
1-1: Swinging Strike
1-2: Strikes out swinging
Batting: LHB Cedric Saunders 0-0: Ball
1-0: Ball
2-0: Ball
3-0: Base on Balls
Batting: SHB Jose Garcia 0-0: Called Strike
0-1: Swinging Strike
0-2: Ground out 4-3 (Groundball, 34, EV 77.5 MPH)
Bottom of the 1st over - 0 runs, 0 hits, 0 errors, 1 left on base; Lexington 0 - Lansing 0
TOP OF THE 2ND
Lexington Legends batting - Pitching for Lansing Lugnuts : RHP Edward Saunders
Batting: RHB Justin Bonner 0-0: Called Strike
0-1: Foul Ball, location: 2F
0-2: Strikes out looking
Batting: RHB Alex Cid 0-0: Ground out 3-1 (Groundball, 34S, EV 84.4 MPH)
Batting: LHB Josh Moore 0-0: Foul Ball, location: 2F
0-1: Ball
1-1: Ball
2-1: Foul Ball, location: 2F
2-2: Foul Ball, location: 2F
2-2: Strikes out swinging
Top of the 2nd over - 0 runs, 0 hits, 0 errors, 0 left on base; Lexington 0 - Lansing 0
BOTTOM OF THE 2ND
Lansing Lugnuts batting - Pitching for Lexington Legends : RHP Gabe Torres
Batting: RHB Takanibu Kaneshiro 0-0: Called Strike
0-1: Called Strike
0-2: Ball
1-2: Ball
2-2: Ball
3-2: SINGLE (Groundball, 4M, EV 110.0 MPH) (infield hit)
Batting: RHB Ivan Ramirez 0-0: SINGLE (Flyball, 78S, EV 86.2 MPH)
Takanibu Kaneshiro to second
Batting: RHB B.J. Worthy 0-0: Ball
1-0: Ball
2-0: Fly out, F9 (Flyball, 9D, EV 100.0 MPH)
Runner from 2nd tags up, SAFE at 3rd, no throw by RF
Batting: RHB Luis Reyes 0-0: Foul Ball, location: 2F
0-1: Ball
1-1: Ball
2-1: Called Strike
2-2: Fielders Choice at 2nd, 3-6 (Groundball, 3, EV 100.6 MPH)
Takanibu Kaneshiro scores
Batting: RHB Darren McCarty Jr. 0-0: Called Strike
0-1: Ball
1-1: Called Strike
1-2: Foul Ball, location: 2F
1-2: Ground out 6-3 (Groundball, 6D, EV 105.6 MPH)
Bottom of the 2nd over - 1 run, 2 hits, 0 errors, 1 left on base; Lexington 0 - Lansing 1
TOP OF THE 3RD
Lexington Legends batting - Pitching for Lansing Lugnuts : RHP Edward Saunders
Batting: SHB Jason Anaya 0-0: Swinging Strike
0-1: Ball
1-1: Foul Ball, location: 2F
1-2: Ball
2-2: Ball
3-2: Strikes out swinging
Batting: RHB Andy Urquhart 0-0: Ball
1-0: Ball
2-0: Called Strike
2-1: Ball
3-1: Foul Ball, location: 2F
3-2: Strikes out swinging
Batting: RHB Dante McCauley 0-0: Ball
1-0: Ball
2-0: Ball
3-0: Base on Balls
Batting: RHB Matt Belgard 0-0: Foul Ball, location: 2F
0-1: Ball
1-1: Ball
2-1: Called Strike
2-2: Ball
3-2: Base on Balls
Dante McCauley to second
Batting: RHB Yi-lin Niu 0-0: Called Strike
0-1: Ball
1-1: Ball
2-1: Called Strike
2-2: Foul Ball, location: 2F
2-2: Ball
3-2: Strikes out looking
Top of the 3rd over - 0 runs, 0 hits, 0 errors, 2 left on base; Lexington 0 - Lansing 1
BOTTOM OF THE 3RD
Lansing Lugnuts batting - Pitching for Lexington Legends : RHP Gabe Torres
Batting: RHB Elliot Manfredini 0-0: SINGLE (Line Drive, 89M, EV 110.0 MPH)
Batting: RHB Finn Ross 0-0: Called Strike
0-1: Ball
1-1: Grounds into double play, 6-4-3 (Groundball, 6, EV 76.2 MPH)
Batting: LHB Cedric Saunders 0-0: Ball
1-0: Called Strike
1-1: Fly out, F9 (Flyball, 9, EV 83.8 MPH)
Bottom of the 3rd over - 0 runs, 1 hit, 0 errors, 0 left on base; Lexington 0 - Lansing 1
TOP OF THE 4TH
Lexington Legends batting - Pitching for Lansing Lugnuts : RHP Edward Saunders
Batting: RHB Kevin Roseen 0-0: Ball
1-0: Foul Ball, location: 2F
1-1: Foul Ball, location: 2F
1-2: Ground out 5-3 (Groundball, 5, EV 81.2 MPH)
Batting: RHB Justin Bonner 0-0: Ball
1-0: Swinging Strike
1-1: Ball
2-1: Called Strike
2-2: Strikes out swinging
Batting: RHB Alex Cid 0-0: Called Strike
0-1: Foul Ball, location: 2F
0-2: Strikes out swinging
Top of the 4th over - 0 runs, 0 hits, 0 errors, 0 left on base; Lexington 0 - Lansing 1
BOTTOM OF THE 4TH
Lansing Lugnuts batting - Pitching for Lexington Legends : RHP Gabe Torres
Batting: SHB Jose Garcia 0-0: Called Strike
0-1: Called Strike
0-2: Strikes out swinging
Batting: RHB Takanibu Kaneshiro 0-0: Ball
1-0: Called Strike
1-1: Foul Ball, location: 2F
1-2: Ground out U3 (Groundball, 34, EV 95.0 MPH)
Batting: RHB Ivan Ramirez 0-0: Called Strike
0-1: Ball
1-1: SINGLE (Line Drive, 8LS, EV 88.8 MPH)
Batting: RHB B.J. Worthy 0-0: Foul Ball, location: 2F
0-1: Ball
Ivan Ramirez is caught stealing 2nd base 2-4
Bottom of the 4th over - 0 runs, 1 hit, 0 errors, 0 left on base; Lexington 0 - Lansing 1
TOP OF THE 5TH
Lexington Legends batting - Pitching for Lansing Lugnuts : RHP Edward Saunders
Batting: LHB Josh Moore 0-0: Ball
1-0: Ball
2-0: Called Strike
2-1: Foul Ball, location: 2F
2-2: SINGLE (Line Drive, 4D, EV 96.2 MPH)
Batting: SHB Jason Anaya 0-0: Swinging Strike
0-1: Ball
1-1: Ball
Passed Ball!
Josh Moore to second
2-1: Foul Ball, location: 2F
2-2: Ball
3-2: Base on Balls
Batting: RHB Andy Urquhart 0-0: Ball
1-0: Called Strike
1-1: Swinging Strike
1-2: Ball
2-2: Strikes out swinging
Batting: RHB Dante McCauley 0-0: Ball
1-0: Ground out 4-3 (Groundball, 4MD, EV 100.6 MPH)
Josh Moore to third
Jason Anaya to second
Batting: RHB Matt Belgard 0-0: Called Strike
0-1: 3-RUN HOME RUN (Flyball, 9LD, EV 90.6 MPH), Distance : 340 ft
Batting: RHB Yi-lin Niu 0-0: Called Strike
0-1: Swinging Strike
0-2: Strikes out swinging
Top of the 5th over - 3 runs, 2 hits, 0 errors, 0 left on base; Lexington 3 - Lansing 1
BOTTOM OF THE 5TH
Lansing Lugnuts batting - Pitching for Lexington Legends : RHP Gabe Torres
Batting: RHB B.J. Worthy 0-0: Ball
1-0: Ball
2-0: Ball
3-0: Called Strike
3-1: Base on Balls
Batting: RHB Luis Reyes 0-0: Ball
1-0: Swinging Strike
1-1: DOUBLE (Groundball, 5L, EV 106.9 MPH)
B.J. Worthy to third
Batting: RHB Darren McCarty Jr. 0-0: Called Strike
0-1: Ball
1-1: Ball
2-1: Ball
3-1: Base on Balls
Pitching: RHP Matt Voulgaris
Pinch Hitting: LHB Roger Escareno 0-0: Swinging Strike
0-1: Foul Ball, location: 2F
0-2: Ball
1-2: Strikes out swinging
Batting: RHB Finn Ross 0-0: Foul Ball, location: 2F
0-1: Foul Ball, location: 2F
0-2: Fielders Choice at 2nd, 6-4 (Groundball, 6, EV 80.6 MPH)
B.J. Worthy scores
Luis Reyes to third
Batting: LHB Cedric Saunders 0-0: Ball
1-0: Foul Ball, location: 2F
1-1: Ball
2-1: Fly out, F7 (Flyball, 7D, EV 98.8 MPH)
Bottom of the 5th over - 1 run, 1 hit, 0 errors, 2 left on base; Lexington 3 - Lansing 2
TOP OF THE 6TH
Lexington Legends batting - Pitching for Lansing Lugnuts : RHP Edward Saunders
Now at 1B: Roger Escareno
Now at SS: Jose Garcia
Batting: RHB Kevin Roseen 0-0: Called Strike
0-1: Swinging Strike
0-2: Foul Ball, location: 2F
0-2: Ball
1-2: Strikes out swinging
Batting: RHB Justin Bonner 0-0: Foul Ball, location: 2F
0-1: Ball
1-1: Ground out 5-3 (Groundball, 56S, EV 66.2 MPH)
Batting: RHB Alex Cid 0-0: Called Strike
0-1: Called Strike
0-2: Ball
1-2: Ball
2-2: Ball
3-2: SOLO HOME RUN (Flyball, 7D, EV 92.5 MPH), Distance : 354 ft
Batting: LHB Josh Moore 0-0: Ball
1-0: Fly out, F7 (Flyball, 7D, EV 95.6 MPH)
Top of the 6th over - 1 run, 1 hit, 0 errors, 0 left on base; Lexington 4 - Lansing 2
BOTTOM OF THE 6TH
Lansing Lugnuts batting - Pitching for Lexington Legends : RHP Matt Voulgaris
Batting: SHB Jose Garcia 0-0: DOUBLE (Line Drive, 9LD, EV 101.9 MPH)
Batting: RHB Takanibu Kaneshiro 0-0: Ball
1-0: Reached on error, E6 (Groundball, 6, EV 85.6 MPH)
Jose Garcia to third
Pinch Hitting: LHB Dan Martinez 0-0: Ball
1-0: Called Strike
1-1: Foul Ball, location: 2F
1-2: Strikes out swinging
Pitching: LHP Joel Page
Batting: RHB B.J. Worthy 0-0: Called Strike
0-1: Ball
1-1: Ball
2-1: Foul Ball, location: 2F
2-2: SINGLE (Groundball, 56S, EV 69.4 MPH) (infield hit)
Jose Garcia scores
Takanibu Kaneshiro to second
Batting: RHB Luis Reyes 0-0: Called Strike
0-1: Ball
1-1: Ball
2-1: Foul Ball, location: 2F
2-2: Ball
3-2: Foul Ball, location: 2F
3-2: 3-RUN HOME RUN (Flyball, 7D, EV 98.1 MPH), Distance : 376 ft
Batting: RHB Darren McCarty Jr. 0-0: Ball
1-0: SINGLE (Groundball, 34D, EV 98.1 MPH)
Batting: LHB Roger Escareno 0-0: Called Strike
0-1: Ball
1-1: Fielders Choice at 2nd, 5-4 (Groundball, 56, EV 81.2 MPH)
Batting: RHB Finn Ross 0-0: Foul Ball, location: 2F
0-1: DOUBLE (Line Drive, 9LS, EV 100.0 MPH)
Roger Escareno to third
Pitching: LHP Ken Milhouse
Batting: LHB Cedric Saunders 0-0: Ball
1-0: Foul Ball, location: 2F
1-1: Swinging Strike
1-2: Ball
2-2: Ball
3-2: Base on Balls
Batting: SHB Jose Garcia 0-0: Ball
1-0: Called Strike
1-1: Foul Ball, location: 2F
1-2: Fielders Choice at 2nd, 6-4 (Groundball, 6, EV 91.9 MPH)
Bottom of the 6th over - 4 runs, 5 hits, 1 error, 3 left on base; Lexington 4 - Lansing 6
TOP OF THE 7TH
Lexington Legends batting - Pitching for Lansing Lugnuts : RHP Edward Saunders
Pitching: RHP Jordan Tejeda
Now at 1B: Corey Davis
Now in RF: Bryan Westray
Batting: SHB Jason Anaya 0-0: Ball
1-0: Ball
2-0: Ball
3-0: Called Strike
3-1: Base on Balls
Batting: RHB Andy Urquhart 0-0: Called Strike
0-1: Ball
1-1: Ball
2-1: Swinging Strike
2-2: Ball
3-2: Strikes out looking
Batting: RHB Dante McCauley 0-0: Ball
1-0: Ball
2-0: Ball
3-0: Foul Ball, location: 2F
3-1: Base on Balls
Jason Anaya to second
Batting: RHB Matt Belgard 0-0: Swinging Strike
0-1: Ball
1-1: Ball
2-1: Ball
3-1: Base on Balls
Jason Anaya to third
Dante McCauley to second
Batting: RHB Yi-lin Niu 0-0: Ball
1-0: Swinging Strike
1-1: Ball
2-1: Grounds into fielders choice 1-2 (Groundball, 15S, EV 66.2 MPH)
Dante McCauley to third
Matt Belgard to second
Batting: RHB Kevin Roseen 0-0: Ball
1-0: Fielders Choice at 2nd, U4 (Groundball, 4M, EV 84.4 MPH)
Top of the 7th over - 0 runs, 0 hits, 0 errors, 3 left on base; Lexington 4 - Lansing 6
BOTTOM OF THE 7TH
Lansing Lugnuts batting - Pitching for Lexington Legends : LHP Ken Milhouse
Batting: RHB Takanibu Kaneshiro 0-0: Ball
1-0: Called Strike
1-1: Ball
2-1: Ball
3-1: Base on Balls
Batting: RHB Bryan Westray 0-0: SINGLE (Groundball, 56D, EV 101.9 MPH)
Takanibu Kaneshiro to second
Batting: RHB B.J. Worthy 0-0: Ball
Passed Ball!
Takanibu Kaneshiro to third
Bryan Westray to second
1-0: Intentional Walk
Batting: RHB Luis Reyes 0-0: Ball
1-0: Called Strike
1-1: SINGLE (Line Drive, 7LS, EV 95.6 MPH)
Takanibu Kaneshiro scores
Bryan Westray to third
B.J. Worthy to second
Runner from 3rd tries for Home, SAFE, throw by LF to home
Pitching: RHP Alex Sanders
Batting: RHB Darren McCarty Jr. 0-0: Sac Bunt to 15S - play at first, batter OUT! 1-3
B.J. Worthy to third
Luis Reyes to second
Batting: RHB Corey Davis 0-0: Ball
1-0: Ball
2-0: Called Strike
2-1: Ground out U3 (Groundball, 34, EV 83.8 MPH)
B.J. Worthy scores
Luis Reyes to third
Batting: RHB Finn Ross 0-0: Ball
1-0: Called Strike
1-1: DOUBLE (Line Drive, 9LS, EV 89.4 MPH)
Luis Reyes scores
Batting: LHB Cedric Saunders 0-0: Ball
1-0: Called Strike
1-1: DOUBLE (Flyball, 89XD, EV 111.9 MPH)
Finn Ross scores
Batting: SHB Jose Garcia 0-0: SINGLE (Groundball, 34D, EV 100.6 MPH) (infield hit)
Cedric Saunders to third
Batting: RHB Takanibu Kaneshiro 0-0: Swinging Strike
0-1: Called Strike
0-2: Foul Ball, location: 2F
0-2: Foul Ball, location: 2F
0-2: Ball
1-2: Ball
2-2: Ball
3-2: Ground out 3-1 (Groundball, 34S, EV 83.8 MPH)
Bottom of the 7th over - 5 runs, 5 hits, 0 errors, 2 left on base; Lexington 4 - Lansing 11
TOP OF THE 8TH
Lexington Legends batting - Pitching for Lansing Lugnuts : RHP Jordan Tejeda
Batting: RHB Justin Bonner 0-0: Called Strike
0-1: Ground out 3-1 (Groundball, 34, EV 100.0 MPH)
Batting: RHB Alex Cid 0-0: Called Strike
0-1: Ball
1-1: Ground out 6-3 (Groundball, 6, EV 81.2 MPH)
Batting: LHB Josh Moore 0-0: Foul Ball, location: 2F
0-1: Fly out, F4 (Line Drive, 4, EV 61.2 MPH)
Top of the 8th over - 0 runs, 0 hits, 0 errors, 0 left on base; Lexington 4 - Lansing 11
BOTTOM OF THE 8TH
Lansing Lugnuts batting - Pitching for Lexington Legends : RHP Alex Sanders
Pitching: RHP Rick Young
Batting: RHB Bryan Westray 0-0: DOUBLE (Line Drive, 7LM, EV 115.0 MPH)
Batting: RHB B.J. Worthy 0-0: Called Strike
0-1: Called Strike
0-2: Ball
1-2: Strikes out swinging
Batting: RHB Luis Reyes 0-0: Called Strike
0-1: Called Strike
0-2: Foul Ball, location: 2F
0-2: Ball
1-2: Ball
2-2: Foul Ball, location: 2F
2-2: Ball
3-2: Base on Balls
Batting: RHB Darren McCarty Jr. 0-0: Called Strike
0-1: Called Strike
0-2: Strikes out looking
Batting: RHB Corey Davis 0-0: Ball
1-0: Foul Ball, location: 2F
1-1: Fly out, F9 (Line Drive, 9, EV 92.5 MPH)
Bottom of the 8th over - 0 runs, 1 hit, 0 errors, 2 left on base; Lexington 4 - Lansing 11
TOP OF THE 9TH
Lexington Legends batting - Pitching for Lansing Lugnuts : RHP Jordan Tejeda
Batting: SHB Jason Anaya 0-0: Ball
1-0: Ball
2-0: Ball
3-0: Called Strike
3-1: Called Strike
3-2: Fly out, F7 (Flyball, 7LM, EV 85.0 MPH)
Pitching: RHP Takehide Tanaka
Batting: RHB Andy Urquhart 0-0: Ball
1-0: Foul Ball, location: 2F
1-1: Swinging Strike
1-2: Ball
2-2: Strikes out swinging
Batting: RHB Dante McCauley 0-0: Called Strike
0-1: Foul Ball, location: 2F
0-2: Ball
1-2: Foul Ball, location: 2F
1-2: Strikes out swinging
Top of the 9th over - 0 runs, 0 hits, 0 errors, 0 left on base; Lexington 4 - Lansing 11
Thursday, March 31st , 2022 - OOTP Baseball 22.12 Build 89